 Dungeon Crawl Stone Soup version 0.31-a0-986-g5e6e4ef867 (webtiles) character file.

Game seed: 1736645162782780161

134 Dittersdorf the Shield-Bearer (level 5, -7/42 HPs)
             Began as a Human Fighter on Nov 7, 2023.
             Succumbed to an orc wizard's poison
             ... on level 3 of the Dungeon.
             The game lasted 00:02:06 (1816 turns).

Dittersdorf the Shield-Bearer (Human Fighter)       Turns: 1816, Time: 00:02:07

Health: -7/42      AC:  8    Str: 18    XL:     5   Next: 40%
Magic:  5/5        EV:  6    Int: 14    God:
Gold:   173        SH: 11    Dex:  8    Spells: 4/4 levels left

rFire   . . .        m - +9 dagger "Xuypapn" {freeze, rC+ rN+ Dex-5}
rCold   + . .        q - +0 tower shield
rNeg    + . .        b - +0 scale mail
rPois   .            (no helmet)
rElec   .            (no cloak)
rCorr   .            (no gloves)
SInv    .            f - +0 pair of boots
Will    .....        (no amulet) Stlth
                     c - +6 ring of intelligence
HPRegen 0.27/turn    (no ring)
MPRegen 0.09/turn

%: no passive effects
@: lethally poisoned (-7 -> -36)
A: no striking features
a: no special abilities


You were on level 3 of the Dungeon.
You visited 1 branch of the dungeon, and saw 3 of its levels.

You collected 173 gold pieces.

Inventory:

Hand Weapons
 a - a +0 long sword
 m - the +9 dagger "Xuypapn" (weapon) {freeze, rC+ rN+ Dex-5}
   (You found it on level 3 of the Dungeon)

   Dex-5:     It affects your dexterity (-5).
   rC+:       It protects you from cold.
   rN+:       It protects you from negative energy.
Armour
 b - a +0 scale mail (worn)
 f - a +0 pair of boots (worn)
 q - a +0 tower shield (worn)
Jewellery
 c - a +6 ring of intelligence (left hand)
Scrolls
 g - a scroll of identify {unknown}
 h - a scroll of revelation {unknown}
 j - 2 scrolls of immolation {unknown}
 l - a scroll of blinking {unknown}
 n - a scroll of vulnerability {unknown}
 o - a scroll of noise {unknown}
 p - a scroll of amnesia {unknown}
 r - a scroll of teleportation {unknown}
Potions
 d - a potion of might
 e - a potion of attraction {unknown}
 i - a potion of degeneration {unknown}
 k - a potion of enlightenment {unknown}


   Skills:
 + Level 3.7 Fighting
 + Level 0.6(1.9) Short Blades
 - Level 2.9(3.0) Long Blades
 + Level 3.8 Armour
 + Level 3.8 Shields


You had 4 spell levels left.
You didn't know any spells.
Your spell library was empty.

Dungeon Overview and Level Annotations

Branches:
Dungeon (3/15)

Altars:
Nemelex Xobeh


Message History

Something hits you but does no damage.
You are more poisoned.
Something hits you.
You are lethally poisoned!
You puncture something! You freeze something.
You feel extremely sick. You block something's attack.
You are too injured to fight recklessly!
You are too injured to fight recklessly!
You are too injured to fight recklessly!
You are too injured to fight recklessly!
You are too injured to fight recklessly!
You are too injured to fight recklessly!
You are too injured to fight recklessly!
You are too injured to fight recklessly!
You are too injured to fight recklessly!
You are too injured to fight recklessly!
You are too injured to fight recklessly!
You are too injured to fight recklessly!
You are too injured to fight recklessly!
You are too injured to fight recklessly!
You are too injured to fight recklessly!
You are too injured to fight recklessly!
You are too injured to fight recklessly!
You are too injured to fight recklessly!
You are too injured to fight recklessly!
You hit something but do no damage.
You feel very sick. Something hits you.
You are more poisoned.
You miss something.
* * * LOW HITPOINT WARNING * * *
You feel extremely sick. Something hits you.
* * * LOW HITPOINT WARNING * * *
You are more poisoned.
You puncture something! You freeze something.
Reactivating autopickup.
You feel a bit more experienced.
You die...

### .. # ..
######################.#
#.##.##
................@)o.....
.....
######################.#
#.## ########### #...
#.........# ##########
##.. #.........#
#........# #.#
#.........###.######.#
#.# ..........'...[# .#
#.#
#.........###..#####.###
#.# ###########
#........... #.#


You could see an orc.

Vanquished Creatures
  An orc priest (D:3)
  Jessica (D:3)
  An orc wizard (D:3)
  2 adders
  2 worms
  A dart slug (D:2)
  2 orcs (D:3)
  7 endoplasms
  2 giant cockroaches
  4 goblins
  7 hobgoblins
  2 jackals (D:2)
  4 kobolds
  3 quokkas
  A ball python (D:1)
  2 bats (D:1)
  4 frilled lizards
  4 rats
50 creatures vanquished.

Notes
Turn   | Place    | Note
-------+----------+-------------------------------------------
     0 | D:1      | Dittersdorf the Human Fighter began the quest for the Orb.
     0 | D:1      | Reached XP level 1. HP: 18/18 MP: 1/1
   152 | D:1      | Reached XP level 2. HP: 14/24 MP: 2/2
   403 | D:1      | You fall into a shaft and drop 1 floor!
   426 | D:2      | Reached XP level 3. HP: 29/29 MP: 3/3
   538 | D:2      | Found a faded altar of an unknown god.
  1043 | D:2      | Found a sparkling altar of Nemelex Xobeh.
  1054 | D:2      | Reached XP level 4. HP: 33/35 MP: 4/4
  1414 | D:3      | Noticed Jessica
  1418 | D:3      | Killed Jessica
  1487 | D:3      | Identified the +9 dagger "Xuypapn" {freeze, rC+ rN+ Dex-5}
  1672 | D:3      | Reached XP level 5. HP: 41/41 MP: 5/5
  1815 | D:3      | HP: 2/42 [something (4)]
  1816 | D:3      | Succumbed to an orc wizard's poison

Illustrated notes

Levels and vault maps discovered:
D:1:      psy_arrival_conway, layout_basic, minmay_misc_feat_square
D:2:      layout_loops_cross, basic_altar, ebering_ecumenical_altar_rust
D:3:      layout_basic, serial_bayou_lagoon_a, uniq_jessica

Action                     |  1- 3 |  4- 6 || total
---------------------------+-------+-------++-------
  Melee: Long sword        |   105 |    15 ||   120
         Dagger            |       |    20 ||    20
 Armour: Scale mail        |    54 |    19 ||    73
  Dodge: Dodged            |    47 |    10 ||    57
  Block: Buckler           |    31 |     2 ||    33
         Tower shield      |       |     3 ||     3

Table legend: (Time is in decaauts)
 A = Elapsed time spent in this place.
 B = Non-inter-level travel time spent in this place.
 C = Inter-level travel time spent in this place.
 D = Time resting spent in this place.
 E = Time spent auto-exploring this place.
 F = Levels seen in this place.
 G = Mean time per level.
                   A        B        C        D        E       F      G
               +--------+--------+--------+--------+--------+-----+--------+
         Total |   1867 |   1804 |     63 |    153 |   1252 |   3 |  622.3 |
       Dungeon |   1867 |   1804 |     63 |    153 |   1252 |   3 |  622.3 |
               +--------+--------+--------+--------+--------+-----+--------+

Top non-repeatable levels by time:
     D:1: 708 daAuts
     D:2: 700 daAuts
     D:3: 458 daAuts
